AoeStats
← VIT Liereyy

Arabian Desert

510728350Analyzed
1v1 RM · 13h ago on Oct 2, 2026· 26m 44s· 2 players
Game mode
Random Map
Map size
Tiny (2 player)
Population
200
Speed
Normal
Resources
Standard
Victory
Conquest
Starting age
Dark Age
Ending age
Imperial Age
RankedLock teamsTeams togetherTeam positionsShared explorationLock speedFull tech treeHidden civsTurbo modeCheats
Victory
Defeat
🇦🇹 Britons · Austria
2970
+6
🇺🇦 Celts · Ukraine
2713
-6
VIT Liereyy
6:07 Loom
8:24 Feudal Age
8:52 Double-Bit Axe
13:04 Fletching
15:51 Padded Archer Armor
15:39 Horse Collar
21:56 Castle Age
22:33 Bodkin Arrow
21:59 Crossbowman
23:45 Bow Saw
25:12 Ballistics
25:04 Gold Mining
25:20 Heavy Plow
27:49 Wheelbarrow
SalzZ_classicpro
7:39 Loom
10:35 Feudal Age
10:57 Man-at-Arms
11:35 Double-Bit Axe
14:36 Horse Collar
15:25 Fletching
15:56 Padded Archer Armor
19:37 Wheelbarrow
24:04 Castle Age
24:07 Crossbowman
24:42 Bodkin Arrow
25:12 Bow Saw
Connection lost

Rejoining the realm…

Still unreachable

The connection could not be restored.

Session expired

The server has moved on; the page needs a fresh start.